 Dungeon Crawl Stone Soup version 0.23.2-40-g277498a001 (webtiles) character file.

Game seed: 2556461704187092331

10529 Felnil the Severer (level 11, -1/166 HPs)
             Began as a Hill Orc Fighter on Aug 14, 2019.
             Was a Believer of Ru.
             Slain by Urug
             ... wielding a +0 demon trident of draining
              (2 damage)
             ... on level 11 of the Dungeon.
             The game lasted 00:28:38 (10911 turns).

Felnil the Severer (Hill Orc Fighter)              Turns: 10911, Time: 00:28:40

Health: -1/166     AC: 10    Str: 30    XL:     11   Next: 63%
Magic:  9/9        EV:  7    Int:  8    God:    Ru [**....]
Gold:   520        SH:  8    Dex: 14    Spells: 10/10 levels left

rFire    . . .     SeeInvis +   z - +1 war axe (drain)
rCold    . . .     Gourm    .   c - +0 shield
rNeg     . . .     Faith    .   F - +2 ring mail of Gallantry {+Blink Str+2}
rPois    .         Spirit   .   j - +2 helmet
rElec    .         Reflect  .   (no cloak)
rCorr    .         Harm     .   (no gloves)
MR       .....                  (no boots)
Stlth    ..........             (no amulet)
HPRegen  0.37/turn              g - ring of see invisible
MPRegen  0.11/turn              u - +4 ring of dexterity

@: mighty, berserking, horrified, very heavily drained, very quick
A: low mp 1, no stealth, cowardly
a: Renounce Religion, Evoke Blink


You were on level 11 of the Dungeon.
You worshipped Ru.
Ru was pleased with you.
You were hungry.

You visited 2 branches of the dungeon, and saw 12 of its levels.
You also visited: Ossuary.

You collected 520 gold pieces.

Inventory:

Hand Weapons
 a - a +0 war axe
 h - a cursed +2 war axe
 z - a +1 war axe of draining (weapon)
Armour
 c - a +0 shield (worn)
 j - a +2 helmet (worn)
 o - a +1 plate armour
 F - the +2 ring mail of Gallantry (worn) {+Blink Str+2}
   (You found it on level 7 of the Dungeon)

   It affects your strength (+2).
   It lets you blink.
 L - a +1 scale mail of magic resistance
Jewellery
 b - an uncursed ring of ice
 g - a ring of see invisible (left hand)
 u - a +4 ring of dexterity (right hand)
 K - an uncursed ring of resist corrosion {unknown}
Wands
 k - a wand of polymorph (13)
 l - a wand of clouds (10)
 v - a wand of iceblast (4)
Scrolls
 n - 3 scrolls of remove curse
 p - 2 scrolls of fog {unknown}
 s - 4 scrolls of magic mapping
 w - 6 scrolls of teleportation
 y - a scroll of blinking {unknown}
 D - 3 scrolls of brand weapon {unknown}
 G - 2 scrolls of enchant weapon {unknown}
 H - 2 scrolls of fear {unknown}
 J - a scroll of amnesia {unknown}
Potions
 d - 3 potions of might
 e - a potion of brilliance
 i - 2 potions of flight
 m - 2 potions of invisibility
 r - 5 potions of cancellation
 t - 4 potions of curing
 x - 3 potions of haste
 A - a potion of agility {unknown}
 B - a potion of berserk rage
 C - a potion of magic {unknown}
 I - a potion of ambrosia {unknown}
Comestibles
 f - 18 rations


   Skills:
 + Level 14.8(9.9) Fighting
 + Level 15.8(10.7) Axes
 - Level 3.2(0.0) Armour
 - Level 3.2(0.0) Shields


You had 10 spell levels left.
You didn't know any spells.
Your spell library contained the following spells:

 Spells                   Type           Power        Failure   Level  Hunger
 Animate Skeleton         Necr           N/A          99%         1    ##.....
 Beastly Appendage        Tmut           #.....       99%         1    ##.....
 Sticks to Snakes         Tmut           #.......     100%        2    ###....
 Throw Flame              Conj/Fire      #.....       100%        2    ###....
 Spider Form              Tmut/Pois      #.........   100%        3    ####...
 Ice Form                 Ice/Tmut       #.......     100%        4    #####..
 Blade Hands              Tmut           #.........   100%        5    ######.
 Borgnjor's Vile Clutch   Necr/Erth      #.........   100%        5    ######.
 Excruciating Wounds      Chrm/Necr      #.........   100%        5    ######.


Dungeon Overview and Level Annotations

Branches:
Dungeon (11/15)            Temple (1/1) D:6            Lair (0/6) D:11
    Orc (0/2) D:9

Altars:
Ashenzari
Cheibriados
Dithmenos
Elyvilon
Fedhas
Gozag
Hepliaklqana
Kikubaaqudgha
Makhleb
Nemelex Xobeh
Okawaru
Qazlal
Ru
Sif Muna
Trog
Uskayaw
Vehumet
Wu Jian
Xom
Yredelemnul
Zin
The Shining One

Shops:
D:9 *   D:10 =

Annotations:
D:11 Urug


Innate Abilities, Weirdness & Mutations

Your magical capacity is low. (-10% MP)
You cannot be stealthy.
Your cowardice makes you less effective in combat with threatening monsters.


Message History

You feel better.
The jackal is stunned by your will and fails to attack.
Urug hits you from afar with a +0 demon trident of draining!
* * * LOW HITPOINT WARNING * * *
You feel drained.
* * * LOW HITPOINT WARNING * * *
You block the jackal's attack.
You feel very mighty all of a sudden.
Urug hits you from afar with a +0 demon trident of draining!!
* * * LOW HITPOINT WARNING * * *
You feel drained.
* * * LOW HITPOINT WARNING * * *
You block the jackal's attack.
A red film seems to cover your vision as you go berserk!
You feel yourself moving faster!
You feel mighty! You block the jackal's attack.
Urug hits you from afar with a +0 demon trident of draining!
* * * LOW HITPOINT WARNING * * *
You feel drained.
You die...

#.........# #.#
##.######## #.## #.
#..# ## ##.## ## #..#
... ###(######## ....
###.()(......# .....
###............#
......#oh@#..<.......#
......ho###..........#
.####.o.z.########.###
#.........# .#
#.......H...# #
#...P.zl...P..#
.......>.......
..........P..g.
.#........P..#.


You could see Urug, an orc wizard, an orc and 2 jackals.

Vanquished Creatures
  A two-headed ogre (D:6)
  An unseen horror (D:11)
  The ghost of grattegratte the Geomancer, a novice GrEE (D:8)
  A manticore (D:9)
  A gargoyle (D:10)
  3 hippogriffs
  The ghost of H0rd4k the Charlatan, an amateur HuAr (D:5)
  Sigmund (D:4)
  A spriggan (D:8)
  A basilisk (D:11)
  2 wyverns
  12 yaks
  Menkaure (D:4)
  2 orc warriors
  2 phantoms
  4 sky beasts
  4 ice beasts
  An eye of draining (D:11)
  4 ogres
  4 centaurs
  A crocodile (D:11)
  4 bullfrogs
  A gnoll sergeant (D:9)
  A wyvern skeleton (D:10)
  3 scorpions
  9 killer bees
  6 wights
  4 howler monkeys
  2 electric eels (D:9)
  2 bullfrog zombies
  4 crimson imps
  A quasit (D:10)
  A jelly (D:10)
  15 orc wizards
  A hound (D:6)
  An orc priest (D:11)
  A bullfrog skeleton (D:9)
  Jessica (D:2)
  4 iguanas
  Ijyb (D:4)
  Natasha (twice) (D:2)
  8 worker ants
  8 big kobold zombies (Ossuary)
  A hound zombie (D:6)
  A hound skeleton (D:9)
  2 mummies
  A worker ant zombie (D:7)
  9 gnolls
  12 adders
  A shadow imp (D:10)
  4 worms
  An adder skeleton (D:9)
  2 dart slugs (D:3)
  5 leopard geckos
  41 orcs
  2 spectral bats (Ossuary)
  A ball python (D:5)
  12 giant cockroaches
  4 gnoll zombies (Ossuary)
  8 hobgoblins
  14 jackals
  4 kobolds
  6 quokkas
  5 bats
  2 bat simulacra (Ossuary)
  6 frilled lizards
  9 goblins
  2 goblin simulacra (Ossuary)
  5 goblin zombies (Ossuary)
  4 hobgoblin zombies (Ossuary)
  A jackal zombie (D:6)
  7 kobold simulacra (Ossuary)
  3 kobold zombies (Ossuary)
  A leopard gecko zombie (D:7)
  6 orc zombies (Ossuary)
  7 rats
  2 rat simulacra (Ossuary)
  7 spectral goblins (Ossuary)
  4 spectral kobolds (Ossuary)
  2 spectral rats (Ossuary)
333 creatures vanquished.

Vanquished Creatures (others)
  A wight (D:11)
  2 withered plants (D:5)
3 creatures vanquished.

Grand Total: 336 creatures vanquished

Notes
Turn   | Place    | Note
-------+----------+-------------------------------------------
     0 | D:1      | Felnil the Hill Orc Fighter began the quest for the Orb.
     0 | D:1      | Reached XP level 1. HP: 19/19 MP: 1/1
    86 | D:1      | Reached skill level 3 in Axes
   317 | D:1      | Reached XP level 2. HP: 27/27 MP: 2/2
   798 | D:1      | Reached XP level 3. HP: 32/34 MP: 3/3
   908 | D:2      | Reached skill level 4 in Axes
  1100 | D:2      | Found a sparkling altar of Nemelex Xobeh.
  1109 | D:2      | Reached XP level 4. HP: 41/41 MP: 4/4
  1161 | D:2      | Noticed Jessica
  1170 | D:2      | Killed Jessica
  1170 | D:2      | Reached skill level 5 in Fighting
  1475 | D:2      | Noticed Natasha
  1489 | D:2      | Killed Natasha
  1489 | D:2      | Reached skill level 5 in Axes
  1489 | D:2      | Reached XP level 5. HP: 37/48 MP: 5/5
  1525 | D:2      | Noticed Natasha
  1538 | D:2      | Killed Natasha
  1881 | D:3      | Noticed a phantom
  1902 | D:3      | Reached skill level 6 in Axes
  1902 | D:3      | Reached XP level 6. HP: 46/57 MP: 6/6
  1925 | D:3      | Killed a phantom
  2374 | D:4      | Reached skill level 7 in Axes
  2374 | D:4      | Reached XP level 7. HP: 45/66 MP: 7/7
  2792 | D:4      | Noticed Ijyb
  2795 | D:4      | Noticed Menkaure
  2800 | D:4      | Killed Menkaure
  2808 | D:4      | Killed Ijyb
  2970 | D:4      | Reached skill level 8 in Axes
  2997 | D:4      | Noticed Sigmund
  3001 | D:4      | Killed Sigmund
  3001 | D:4      | Reached XP level 8. HP: 66/74 MP: 8/8
  3155 | D:4      | Found an iron altar of Okawaru.
  3452 | D:5      | Entered Level 5 of the Dungeon
  3524 | D:5      | Reached skill level 9 in Axes
  3694 | D:5      | Reached skill level 10 in Axes
  3756 | D:5      | Found a runed translucent door.
  3757 | D:5      | Noticed H0rd4k's ghost (amateur HuAr)
  3954 | D:5      | Found a radiant altar of Vehumet.
  4281 | D:5      | Killed H0rd4k's ghost
  4281 | D:5      | Reached skill level 10 in Fighting
  4281 | D:5      | Reached XP level 9. HP: 72/85 MP: 9/9
  4584 | D:6      | Reached skill level 11 in Axes
  4882 | D:6      | Found a staircase to the Ecumenical Temple.
  4900 | Temple   | Entered the Ecumenical Temple
  5031 | Temple   | Became a worshipper of Ru the Awakened
  5279 | D:6      | Found an iron altar of Okawaru.
  5296 | D:6      | Found a snail-covered altar of Cheibriados.
  5461 | D:6      | Noticed a two-headed ogre
  5475 | D:6      | Killed a two-headed ogre
  5475 | D:6      | Reached skill level 12 in Axes
  6023 | D:7      | Found a sand-covered staircase.
  6028 | Ossuary  | Entered an ossuary
  6180 | Ossuary  | Gained mutation: You cannot be stealthy. [Ru sacrifice]
  6524 | D:7      | Got a dazzling ring mail
  6539 | D:7      | Identified the +2 ring mail of Gallantry {+Blink Str+2}
                  | (You found it on level 7 of the Dungeon)
  6585 | D:7      | Reached XP level 10. HP: 97/97 MP: 10/10
  6633 | D:7      | Found a white marble altar of Elyvilon.
  6837 | D:7      | Found a glowing golden altar of the Shining One.
  6935 | D:7      | Found a basalt altar of Yredelemnul.
  7043 | D:8      | Found a burning altar of Makhleb.
  7056 | D:8      | Reached skill level 13 in Axes
  7278 | D:8      | Found a transporter.
  7289 | D:8      | Found a transporter.
  7290 | D:8      | Noticed grattegratte's ghost (novice GrEE)
  7328 | D:8      | Killed grattegratte's ghost
  7732 | D:8      | Found a shadowy altar of Dithmenos.
  7765 | D:8      | Gained mutation: Your cowardice makes you less effective in
                  | combat with threatening monsters. [Ru sacrifice]
  7765 | D:8      | Reached * piety under Ru
  7765 | D:8      | Reached ** piety under Ru
  8407 | D:9      | Found Bautibe's Assorted Antiques.
  8507 | D:9      | Reached skill level 14 in Axes
  8543 | D:9      | Found a staircase to the Orcish Mines.
  8981 | D:9      | Noticed a manticore
  8988 | D:9      | Killed a manticore
  9161 | D:10     | Entered Level 10 of the Dungeon
  9179 | D:10     | Found Julimeul's Jewellery Shop.
  9284 | D:10     | Reached XP level 11. HP: 94/108 MP: 11/11
  9752 | D:10     | Reached skill level 15 in Axes
 10696 | D:11     | Noticed an unseen horror
 10707 | D:11     | Killed an unseen horror
 10708 | D:11     | Gained mutation: Your magical capacity is low. (-10% MP)
                  | [Ru sacrifice]
 10814 | D:11     | Identified the Guide on Blistering Stolen Souls
 10859 | D:11     | Found a staircase to the Lair.
 10867 | D:11     | Noticed Urug
 10911 | D:11     | HP: 1/166 [Urug/+0 demon trident of draining (9)]
 10911 | D:11     | Slain by Urug

Skill      XL: |  1  2  3  4  5  6  7  8  9 10 11 |
---------------+----------------------------------+-----
Axes           | 3 4 5 6 7 8 10 12 14 15 | 15.8
Fighting       | 4 5 6 7 8 10 11 13 14 | 14.8
Armour         | |  3.2
Shields        | |  3.2

Action                   |  1- 3 |  4- 6 |  7- 9 | 10-12 || total
-------------------------+-------+-------+-------+-------++-------
Melee: War axe           |   147 |   164 |   379 |   394 ||  1084
Invok: Sacrifice Stealth |       |       |     1 |       ||     1
       Sacrifice Courage |       |       |       |     1 ||     1
       Sacrifice Essence |       |       |       |     1 ||     1
  Use: Scroll            |       |     4 |     4 |     9 ||    17
       Potion            |       |       |     1 |     9 ||    10
 Stab: Distracted        |       |       |       |     2 ||     2
       Invisible         |       |       |       |     1 ||     1
  Eat: Chunk             |       |     5 |    11 |    13 ||    29
       Ration            |       |       |     1 |       ||     1
Armor: Scale mail        |    77 |       |       |       ||    77
       Plate armour      |     6 |   109 |   174 |       ||   289
       Ring mail         |       |       |       |   107 ||   107
Dodge: Dodged            |    55 |    25 |    38 |    99 ||   217
Block: Shield            |    95 |    81 |   134 |   149 ||   459
